 Seeded DCSS version 0.29.1-15-g9cfb28693d (webtiles) character file.

Game seed: 10705080513492541372 (custom seed)

14 sircluck the Sneak (level 2, 0/18 HPs)
             Began as a Kobold Brigand on Aug 30, 2023.
             Constricted to death by a ball python (1 damage)
             ... on level 2 of the Dungeon.
             The game lasted 00:00:49 (1129 turns).

sircluck the Sneak (Kobold Brigand)                 Turns: 1129, Time: 00:00:49

Health: 0/18       AC:  3    Str:  8    XL:     2   Next: 55%
Magic:  2/2        EV: 11    Int: 12    God:
Gold:   24         SH:  0    Dex: 16    Spells: 1/1 levels left

rFire   . . .      SeeInvis .   a - +2 dagger
rCold   . . .      Faith    .   (no shield)
rNeg    . . .      Spirit   .   b - +0 robe
rPois   .          Reflect  .   (no helmet)
rElec   .          Harm     .   c - +0 cloak
rCorr   .          Rampage  .   (no gloves)
Will    .....                   (no boots)
Stlth   ++++......              (no amulet)
HPRegen 0.06/turn               (no ring)
MPRegen 0.08/turn               (no ring)

@: constricted
A: small, no large weapons, nightstalker 3
a: no special abilities


You were on level 2 of the Dungeon.
You visited 1 branch of the dungeon, and saw 2 of its levels.

You collected 24 gold pieces.

Inventory:

Hand Weapons
 a - a +2 dagger (weapon)
Missiles
 d - 9 poisoned darts (quivered)
 e - 3 curare-tipped darts
Armour
 b - a +0 robe (worn)
 c - a +0 cloak (worn)
Jewellery
 f - a +6 ring of dexterity
 g - a +4 ring of slaying
 m - a ring of wizardry
Scrolls
 h - a scroll of silence {unknown}
 l - 3 scrolls of identify {unknown}
 n - a scroll of torment {unknown}
Potions
 i - 2 potions of flight {unknown}
 j - 2 potions of haste {unknown}
 k - a potion of curing {unknown}


   Skills:
 + Level 2.3 Fighting
 + Level 3.2 Short Blades
 + Level 2.2 Throwing
 + Level 1.3 Dodging
 + Level 5.8 Stealth


You had one spell level left.
You didn't know any spells.
Your spell library was empty.

Dungeon Overview and Level Annotations

Branches:
Dungeon (2/15)

Altars:


Innate Abilities, Weirdness & Mutations

You are small and have problems with some larger weapons.
You are completely attuned to the shadows.


Message History

The ball python constricts you. The ball python closely misses you.
The ball python constricts you.
The ball python bites you but does no damage.
The ball python constricts you. The ball python closely misses you.
The ball python constricts you.
The ball python bites you but does no damage.
The ball python constricts you. The ball python barely misses you.
The ball python constricts you. The ball python bites you.
The ball python constricts you.
The ball python bites you but does no damage.
The ball python constricts you.
* * * LOW HITPOINT WARNING * * *
The ball python bites you but does no damage.
The ball python constricts you. The ball python closely misses you.
The ball python constricts you. The ball python misses you.
The ball python constricts you. The ball python closely misses you.
The ball python constricts you.
The ball python bites you but does no damage.
The ball python constricts you.
* * * LOW HITPOINT WARNING * * *
The ball python bites you but does no damage.
The ball python constricts you. The ball python barely misses you.
The ball python constricts you. The ball python barely misses you.
The ball python constricts you.
* * * LOW HITPOINT WARNING * * *
The ball python closely misses you. The ball python constricts you.
The ball python bites you but does no damage.
The ball python constricts you.
* * * LOW HITPOINT WARNING * * *
The ball python barely misses you. The ball python constricts you.
* * * LOW HITPOINT WARNING * * *
An endoplasm comes into view.
The ball python barely misses you. The ball python constricts you.
* * * LOW HITPOINT WARNING * * *
The endoplasm quivers.
The ball python bites you but does no damage.
The ball python constricts you.
The ball python bites you but does no damage.
The ball python constricts you.
You die...

#.#>#
<..# #..#
#..###
#.@S.#
#.....#
.J......
......$?.
##.......


You could see an endoplasm and a ball python.

Vanquished Creatures
  2 ball pythons (D:1)
  A giant cockroach (D:1)
  3 hobgoblins (D:1)
  2 quokkas (D:1)
  2 bats (D:1)
  A frilled lizard (D:1)
  A rat (D:1)
12 creatures vanquished.

Notes
Turn   | Place    | Note
-------+----------+-------------------------------------------
     0 | D:1      | sircluck the Kobold Brigand began the quest for the Orb.
     0 | D:1      | Reached XP level 1. HP: 12/12 MP: 1/1
   311 | D:1      | Reached XP level 2. HP: 18/18 MP: 2/2
   729 | D:1      | Found a faded altar of an unknown god.
  1129 | D:2      | Constricted to death by a ball python

Illustrated notes

Levels and vault maps discovered:
D:1:      ebering_hopf_link, layout_basic, ebering_ecumenical_altar_ruins
D:2:      minmay_general_purpose_star, layout_rooms, minmay_cut_off

Skill      XL: |  1 |
---------------+----+-----
Short Blades   | 3 |  3.2
Fighting       | |  2.3
Throwing       | |  2.2
Dodging        | |  1.3
Stealth        | |  5.8

Action                   || total
-------------------------++-------
Melee: Dagger            ||    18
 Stab: Sleeping          ||     9
Armor: Robe              ||    13
Dodge: Dodged            ||    31
